 Dungeon Crawl Stone Soup version 0.27.1-1-g398f81649c (webtiles) character file.

Game seed: 14688817814629881645

669309 MrNoob the Slayer (level 27, -10/189 HPs)
             Began as a Minotaur Berserker on Sept 8, 2021.
             Was a High Priest of Trog.
             Killed from afar by a white draconian (52 damage)
             ... with a blast of cold
             ... on level 1 of the Realm of Zot on Sept 10, 2021.
             The game lasted 10:32:53 (83461 turns).

MrNoob the Slayer (Minotaur Berserker)             Turns: 83461, Time: 10:32:53

Health: -10/189    AC: 39    Str: 37 (39) XL:     27
Magic:  0/19       EV: 24    Int:  7 (8)  God:    Trog [*****.]
Gold:   8028       SH: 34    Dex: 24 (25) Spells: 26/26 levels left

rFire    . . .     SeeInvis .   a - +6 demon blade (freeze)
rCold    . . .     Faith    +   k - +5 tower shield "Pougg" {Str+2}
rNeg     . . .     Spirit   .   g - +5 plate armour {Will+}
rPois    +         Reflect  .   (helmet unavailable)
rElec    +         Harm     .   h - +2 cloak
rCorr    +         Rampage  ∞   j - +2 pair of gloves "Rocoan" {rCorr Str+3 Stlth+}
Will     +++..     Rnd*Tele +   l - +3 pair of seven-league boots {Rampage+∞}
Stlth    ..........             m - amulet of the Final Hells {Faith rElec rPois Int+2 Dex+4}
HPRegen  0.41/turn              q - +6 ring of strength
MPRegen  0.16/turn              p - +6 ring of dexterity

@: hasted, studying Unarmed Combat, very quick
A: horns 3, retaliatory headbutt, clever 1, clumsy 1, deterioration 1, frail 3,
low mp 1, shaggy fur 1, teleportitis 2, subdued magic 1
}: 5/15 runes: decaying, slimy, silver, abyssal, gossamer
a: Renounce Religion, Berserk, Trog's Hand, Brothers in Arms


You were on level 1 of the Realm of Zot.
You worshipped Trog.
Trog was extremely pleased with you.
You visited 10 branches of the dungeon, and saw 50 of its levels.
You visited the Abyss 6 times.
You also visited: Ice Cave.

You collected 9408 gold pieces.
You spent 1380 gold pieces at shops.

Inventory:

Hand Weapons
 a - a +6 demon blade of freezing (weapon)
 b - a +1 demon blade of flaming
 c - a +2 double sword of venom
 d - a +5 eudemon blade of holy wrath
 e - the +6 battleaxe of Qazlal's Hope {vorpal, +Blink rElec Str+2 Int+4}
   (You took it off a deep elf sorcerer on level 3 of the Elven Halls)

   It inflicts extra damage upon your enemies.
   Str:       It affects your strength (+2).
   Int:       It affects your intelligence (+4).
   rElec:     It insulates you from electricity.
   +Blink:    It lets you blink.
 f - the +7 quick blade of Niebusac {vorpal, Fly rF- Dex+2 SInv}
   (Trog gifted it to you on level 2 of the Spider Nest)

   It inflicts extra damage upon your enemies.
   Dex:       It affects your dexterity (+2).
   rF:        It makes you vulnerable to fire.
   SInv:      It lets you see invisible.
   Fly:       It grants you flight.
Armour
 g - a +5 plate armour of willpower (worn)
 h - a +2 cloak (worn)
 i - a +6 plate armour of cold resistance
 j - the +2 pair of gloves "Rocoan" (worn) {rCorr Str+3 Stlth+}
   (You found it on level 9 of the Dungeon)

   Str:       It affects your strength (+3).
   rCorr:     It protects you from acid and corrosion.
   Stlth:     It makes you more stealthy.
 k - the +5 tower shield "Pougg" (worn) {Str+2}
   (You took it off a deep elf annihilator on level 5 of the Vaults)

   Str:       It affects your strength (+2).
 l - the +3 pair of seven-league boots (worn) {Rampage+∞}
   (You found it on level 3 of the Lair of Beasts)

   Its wearer moves as far as possible in that direction when moving towards
   enemies.
 K - a +4 plate armour of fire resistance
 N - a +0 cloak of preservation
Jewellery
 m - the amulet of the Final Hells (around neck) {Faith rElec rPois Int+2 Dex+4}
   (You acquired it on level 4 of the Lair of Beasts)

   [amulet of faith]

   It allows you to gain divine favour quickly.
   Int:       It affects your intelligence (+2).
   Dex:       It affects your dexterity (+4).
   rElec:     It insulates you from electricity.
   rPois:     It protects you from poison.
 n - an amulet of regeneration
 o - an amulet of the acrobat
 p - a +6 ring of dexterity (right hand)
 q - a +6 ring of strength (left hand)
 r - the ring of Lugonu's Displeasure {rPois rF+}
   (You acquired it on level 2 of the Orcish Mines)

   [ring of protection from fire]

   rF:        It protects you from fire.
   rPois:     It protects you from poison.
 s - the ring "Piesih" {rElec rCorr EV+4 Stlth+}
   (You found it on level 5 of the Pits of Slime)

   [ring of evasion]

   EV:        It affects your evasion (+4).
   rElec:     It insulates you from electricity.
   rCorr:     It protects you from acid and corrosion.
   Stlth:     It makes you more stealthy.
 t - a +4 ring of slaying
 u - a +4 ring of protection
 v - a ring of willpower
 w - the ring "Geocsez" {rElec rN++ Int+6}
   (You found it on level 3 of the Depths)

   [ring of intelligence]

   Int:       It affects your intelligence (+6).
   rElec:     It insulates you from electricity.
   rN:        It greatly protects you from negative energy.
 x - an amulet of reflection
 y - the amulet "Latruc" {RegenMP rF+ rC+}
   (You acquired it on level 5 of the Vaults)

   [amulet of magic regeneration]

   It increases your rate of magic regeneration.
   rF:        It protects you from fire.
   rC:        It protects you from cold.
Wands
 z - a wand of flame (18)
 E - a wand of iceblast (20) (quivered)
 L - a wand of acid (44)
 O - a wand of charming (13)
 Q - a wand of digging (3)
 S - a wand of mindburst (9)
 Y - a wand of polymorph (19)
 Z - a wand of paralysis (24)
Scrolls
 C - 29 scrolls of identify
 H - 18 scrolls of teleportation
 P - 13 scrolls of magic mapping
 R - 3 scrolls of enchant weapon
 T - 3 scrolls of holy word
 U - 2 scrolls of fear
 X - 8 scrolls of fog
Potions
 A - 4 potions of magic
 B - 4 potions of haste
 D - 17 potions of curing
 F - 6 potions of might
 G - 3 potions of ambrosia
 I - 3 potions of cancellation
 J - 2 potions of heal wounds
 M - 2 potions of resistance


   Skills:
 - Level 26.3 Fighting
 - Level 2.3(16.6) Short Blades
 - Level 25.6 Long Blades
 - Level 6.7 Polearms
 + Level 22.9 Armour
 + Level 19.5 Dodging
 - Level 5.2 Stealth
 - Level 25.0 Shields
 - Level 7.9 Evocations


You had 26 spell levels left.
You didn't know any spells.
Your spell library was empty.

Dungeon Overview and Level Annotations

Branches:
Dungeon (15/15)            Temple (0/1) D:4            Lair (6/6) D:9
  Swamp (4/4) Lair:2       Spider (4/4) Lair:4        Slime (5/5) Lair:5
    Orc (2/2) D:12            Elf (3/3) Orc:2        Vaults (5/5) D:13
  Crypt (0/3) Vaults:2     Depths (5/5) D:15            Zot (1/5) Depths:5
  IceCv (visited)

Altars:
Ashenzari
Elyvilon
Fedhas
Gozag
Kikubaaqudgha
Makhleb
Nemelex Xobeh
Okawaru
Qazlal
Ru
Trog
Vehumet
Wu Jian
Xom
Yredelemnul
Zin
The Shining One
Beogh
Jiyva
Lugonu

Shops:
D:1 *   D:3 [   D:8 *   Orc:2 (*:?   Elf:1 !   Elf:3 *   Vaults:1 =
Depths:2 :=:   Depths:3 (*   Depths:4 [

Portals:
Hell: Depths:1 Depths:2 Depths:3 Depths:4 Depths:5
Abyss: Lair:6 Depths:1 Depths:3 Depths:4 Depths:5
Pandemonium: Orc:2 Depths:3 Depths:4
Ziggurat: Depths:1


Innate Abilities, Weirdness & Mutations

You have a pair of large horns on your head.
You reflexively headbutt those who attack you in melee.
Your mind is acute. (Int +2)
You are clumsy. (Dex -2)
Your body sometimes deteriorates upon taking damage.
You are extremely frail. (-30% HP)
Your magical capacity is low. (-10% MP)
You are covered in fur. (AC +1)
You are sometimes teleported next to monsters.
Your spells are a little easier to cast, but a little less powerful.


Message History

The red draconian scorcher roars!
The white draconian roars!
The storm dragon breathes lightning at you.
The bolt of lightning misses you.
The red draconian monk is engulfed in poison gas.
The red draconian monk looks as sick as possible!
The red draconian monk breathes fire at you.
The searing blast misses you.
You feel you are being watched by something.
The red draconian scorcher gestures at you while chanting.
The bolt of fire hits you!!
Your body deteriorates!
You feel dopey.
You hear a roar! x2
A red draconian annihilator comes into view.
It is wielding a +0 short sword.
The red draconian annihilator roars!
The red draconian annihilator gestures wildly while chanting.
The red draconian annihilator blinks!
The red draconian monk is engulfed in poison gas.
The red draconian monk looks as sick as possible!
The red draconian scorcher points at you and mumbles some strange words.
The fireball explodes!
The fireball engulfs you!!
The red draconian annihilator moves out of view.
You hear a roar!
A white draconian comes into view. It is wielding a +0 hand axe.
The white draconian roars!
The green draconian monk breathes poison at you.
The blast of poison misses you.
A red draconian comes into view. It is wielding a +0 halberd.
The red draconian monk is engulfed in poison gas.
The red draconian monk looks as sick as possible!
You feel you are being watched by something.
You feel your power leaking away.
The red draconian scorcher breathes fire at you.
The searing blast hits you!!
* * * LOW HITPOINT WARNING * * *
Your body deteriorates!
You feel weakened.
You feel yourself speed up.
You feel you are being watched by something.
The white draconian breathes frost at you.
The blast of cold hits you!!!
You die...

).....#
...#..#
##......
...#..#
#.....d#
...#..#
##...d..###
...#..#
#...q.....#
...#...
#.?.......#
........
#.....d...#
.........
#.§§☼...#
.....####
#☼§@☼...#
......#
#.§☼☼...##
......#
#☼☼..☼.$.#
#.q......#
#..D.....#
#{.q..####
#.°q..#
#..d..#
#..°..#


You could see 3 draconians, a storm dragon (very poisoned), 2 draconians, 2
draconians and a red draconian scorcher (catching breath).

Vanquished Creatures
  the Royal Jelly (Slime:5)
  A dread lich (Abyss:2)
  Mara (Vaults:5)
  A juggernaut (Depths:3)
  The ghost of MajorAdolf the Imperceptible, a legendary NaWn of Gozag (Depths:3)
  Bai Suzhen (Vaults:3)
  The ghost of Gucom the Epochal, a veteran GnFi of Cheibriados (Depths:5)
  Saint Roka (Depths:5)
  Margery (Vaults:2)
  A caustic shrike (Depths:2)
  A curse toe (Zot:1)
  5 bone dragons
  2 golden dragons
  Arachne (Spider:4)
  2 hellephants
  The ghost of SeagullWaffle the Slayer, an adept MiFi of the Shining One (Swamp:4)
  5 liches
  8 tentacled monstrosities
  Asterion (Spider:2)
  5 titans
  4 deep elf blademasters
  2 quicksilver dragons
  22 acid blobs
  2 deep elf master archers (Elf:3)
  2 Executioners
  2 sphinxes
  20 tentacled starspawn
  3 death cobs
  Kirke (D:12)
  5 thorn hunters
  4 tengu reavers
  2 daevas
  A draconian monk (Abyss:3)
  5 shadow dragons
  7 storm dragons
  Donald (Vaults:2)
  18 rockslimes
  Roxanne (Swamp:3)
  23 azure jellies
  4 balrugs
  4 orc warlords
  4 fire giants
  An iron dragon (Vaults:5)
  2 deep elf sorcerers (Elf:3)
  6 ghost moths
  2 cacodemons
  2 draconian knights
  An angel (Abyss:1)
  2 caustic shrike zombies
  14 frost giants
  23 vault wardens
  2 draconian scorchers
  2 draconian stormcallers (Depths:5)
  5 deep elf elementalists
  2 draconian shifters
  9 quicksilver oozes
  4 emperor scorpions
  A spriggan defender (Depths:3)
  24 very ugly things
  A quicksilver ooze (shapeshifter) (D:15)
  4 draconian annihilators
  4 war gargoyles
  14 ironbound preservers
  A reaper (Depths:4)
  14 stone giants
  An ophan (Abyss:1)
  12 deep elf demonologists
  5 vampire knights
  A green draconian (Abyss:4)
  2 red draconians (Depths:5)
  A yellow draconian (Depths:5)
  4 black draconians
  A purple draconian (Depths:5)
  19 spark wasps
  3 bunyips
  5 dire elephants
  2 entropy weavers
  3 eidola
  A white draconian (Depths:5)
  6 eleionomae
  10 deep elf annihilators
  7 deep elf death magi
  A blizzard demon (Abyss:1)
  A merfolk javelineer (Depths:5)
  11 ettins
  A merfolk impaler (Depths:2)
  6 crystal guardians
  3 shambling mangroves
  10 yaktaur captains
  10 fire dragons
  6 ironbound thunderhulks
  7 great orbs of eyes
  3 deep elf high priests
  24 vault guards
  Fannar (Lair:3)
  Erolcha (D:11)
  4 peacekeepers
  A boulder beetle (shapeshifter) (Abyss:1)
  5 spriggan air magi
  6 boulder beetles
  18 hydras
  4 rakshasas
  3 ogre magi
  8 ice dragons
  8 ironbound frosthearts
  7 alligators
  35 dancing weapons
  7 centaur warriors
  6 hell hogs
  14 two-headed ogres
  7 tengu warriors
  3 vampire magi
  A deep troll shaman (Depths:3)
  5 death yaks (Lair:6)
  7 deep troll earth magi
  6 orc high priests
  21 thrashing horrors
  8 spriggan berserkers
  9 ironbound beastmasters
  Nergalle (Lair:3)
  6 sun demons
  3 soul eaters
  13 deep elf knights
  4 hell knights
  15 wretched stars
  A shadow wraith (Abyss:1)
  3 iron trolls
  7 sixfirhies
  4 skeletal warriors (D:12)
  4 spatial maelstroms
  4 goliath frogs
  A quicksilver dragon simulacrum (Depths:2)
  A salamander mystic (Depths:5)
  An infernal demonspawn (Orc:2)
  5 spriggan druids
  54 deep trolls
  7 glowing orange brains
  7 swamp dragons
  2 phantasmal warriors (Swamp:4)
  2 torturous demonspawn
  3 flayed ghosts
  14 ironbound convokers
  2 spectral hydras (Swamp:4)
  17 orc knights
  7 wizards
  14 lindwurms
  12 necromancers
  7 deep elf archers
  6 bog bodies
  15 orc sorcerers
  A wolf spider (shapeshifter) (Elf:3)
  A harpy (shapeshifter) (D:14)
  21 deep elf zephyrmancers
  A frost giant zombie (Depths:2)
  An anaconda skeleton (Abyss:2)
  26 deep elf pyromancers
  26 wolf spiders
  7 oklob plants
  7 cyclopes
  6 salamanders
  4 will-o-the-wisps
  12 orb spiders
  7 shining eyes
  45 ugly things
  Maurice (D:12)
  27 elephants
  A sphinx skeleton (Depths:4)
  10 worldbinders
  2 ice statues (IceCv)
  5 moths of wrath
  A guardian serpent (Lair:3)
  4 rust devils
  4 manticores
  5 black mambas
  9 gargoyles (D:12)
  20 vault sentinels
  7 orange demons
  A torpor snail (shapeshifter) (Depths:5)
  18 cane toads
  2 torpor snails (Spider:3)
  16 smoke demons
  6 eyes of devastation
  3 unseen horrors
  3 frost giant skeletons
  An apocalypse crab (Abyss:2)
  A hellion (Abyss:4)
  2 kobold demonologists (D:9)
  A yaktaur (shapeshifter) (Elf:1)
  2 efreet (Abyss:1)
  4 tengu conjurers
  4 freezing wraiths
  2 entropy weaver simulacra (IceCv)
  9 komodo dragons
  11 demonic crawlers
  5 hellwings
  2 rime drakes
  10 ice devils
  28 yaktaurs
  18 ancient zymes
  3 anaconda simulacra (IceCv)
  3 hydra zombies (Swamp:4)
  4 meliai (Abyss:3)
  8 trolls
  4 red devils
  A hornet (shapeshifter) (Vaults:5)
  25 jumping spiders
  A queen bee (Abyss:3)
  A jumping spider (shapeshifter) (Abyss:1)
  A polar bear (Lair:4)
  Grinder (D:3)
  A merfolk (shapeshifter) (Abyss:5)
  79 slime creatures
  4 death drake zombies (Swamp:4)
  7 tyrant leeches
  22 hornets
  24 blink frogs
  A hydra skeleton (Swamp:4)
  38 raiju
  A blink frog (shapeshifter) (Abyss:2)
  A raiju (shapeshifter) (Lair:6)
  A snapping turtle (shapeshifter) (Vaults:5)
  49 large abominations
  4 dream sheep (Lair:6)
  4 air elementals
  13 spriggans
  9 flying skulls
  3 shadows
  2 dire elephant simulacra (IceCv)
  A black mamba zombie (Abyss:3)
  9 ynoxinuls
  55 starcursed masses
  89 redbacks
  5 wyverns
  2 vampires
  29 tarantellas
  5 wraiths
  5 fire elementals
  3 fire bats
  Eustachio (D:4)
  3 hogs (D:12)
  47 yaks
  5 basilisks
  10 neqoxecs
  23 water elementals
  2 hogs (shapeshifter)
  14 golden eyes
  12 chaos spawn
  2 vampire mosquitoes (D:12)
  Menkaure (D:3)
  9 swamp worms
  3 wargs
  3 harpy simulacra (IceCv)
  5 hydra simulacra
  8 water moccasins
  8 spatial vortices
  4 acid dragons
  2 hell hounds (Lair:6)
  4 swamp drakes
  45 orc warriors
  2 sky beasts
  2 ice beasts
  3 black bears
  2 necrophages
  A swamp dragon zombie (Swamp:4)
  13 ogres
  The ghost of Garym the Shield-Bearer, an amateur MiFi (D:3)
  18 wolves
  13 centaurs
  A phantom (D:3)
  A swamp dragon skeleton (Swamp:4)
  6 kobold brigands
  2 elf zombies
  12 bullfrogs
  A gnoll sergeant (D:8)
  7 earth elementals
  6 scorpions
  A wyvern zombie (D:4)
  2 water moccasin zombies
  2 cane toad simulacra (IceCv)
  A wyvern skeleton (D:7)
  55 small abominations
  3 water moccasin skeletons
  A snapping turtle simulacrum (Abyss:1)
  3 killer bees (D:9)
  7 wights
  A howler monkey (D:13)
  14 electric eels
  A crimson imp (Abyss:2)
  3 bullfrog zombies
  2 centaur zombies
  3 hounds
  4 jellies
  A bullfrog skeleton (D:3)
  3 gnoll shamans (D:9)
  27 orc priests
  5 quasits
  3 centaur skeletons
  Crazy Yiuf (D:3)
  9 iron imps
  Ijyb (D:3)
  4 iguanas
  15 orc wizards
  13 hell rats
  A troll simulacrum (IceCv)
  A killer bee zombie (D:7)
  A wolf simulacrum (IceCv)
  A tengu zombie (Abyss:3)
  2 howler monkey zombies
  6 adders
  A howler monkey skeleton (D:7)
  15 gnolls
  A naga simulacrum (IceCv)
  A shadow imp (D:6)
  4 white imps
  10 ufetubi
  2 adder skeletons
  2 worms
  5 dart slugs
  81 orcs
  3 ball pythons
  5 endoplasms
  A giant cockroach (D:2)
  10 goblins
  5 hobgoblins
  2 jackals
  5 quokkas
  6 bats
  3 frilled lizards
  24 kobolds
  4 rats
  A briar patch (Swamp:4)
  2 bushes
  2 lurking horrors
  7 starspawn tentacles
2550 creatures vanquished.

Vanquished Creatures (collateral kills)
  Frederick (Vaults:5)
  A golden dragon (Vaults:5)
  A deep elf blademaster (Elf:3)
  A tengu reaver (Vaults:5)
  A shadow dragon (Vaults:4)
  A rockslime (Slime:1)
  A deep elf sorcerer (Elf:3)
  A vault warden (Vaults:5)
  An emperor scorpion (Spider:4)
  A very ugly thing (Abyss:3)
  A purple draconian (Depths:5)
  A deep elf demonologist (Elf:3)
  2 red draconians (Depths:5)
  An entropy weaver (Spider:2)
  A deep elf death mage (Elf:3)
  A spriggan air mage (Swamp:4)
  A ghost crab (Swamp:4)
  4 vault guards (Vaults:4)
  A two-headed ogre (Vaults:5)
  A hell knight (Vaults:2)
  A sun demon (Abyss:2)
  2 wretched stars (Abyss:3)
  A phantasmal warrior (Vaults:5)
  A wizard (Vaults:4)
  2 orb spiders
  An orange demon (Abyss:2)
  An eye of devastation (Slime:1)
  2 demonic crawlers (Spider:2)
  A hellwing (Abyss:2)
  A red devil (Abyss:2)
  A jumping spider (Spider:2)
  A meliai (Abyss:3)
  2 hornets (Spider:4)
  2 slime creatures (Slime:1)
  A raiju (Abyss:2)
  4 redbacks (Spider:2)
  A vampire (Abyss:2)
  6 orc warriors (Vaults:4)
  2 starcursed masses (Abyss:2)
  An ogre (Vaults:5)
  4 orc priests
  An orc wizard (Orc:1)
63 creatures vanquished.

Vanquished Creatures (others)
  2 very ugly things (Depths:2)
  An ugly thing (Depths:2)
  A wolf spider (Spider:3)
  2 bloated husks
  A spriggan (Swamp:4)
  A water elemental (Elf:1)
  A tarantella (Spider:3)
  An orc warrior (Orc:2)
  An ogre (Vaults:5)
  An ufetubus (Abyss:3)
  A briar patch (Swamp:3)
  3 demonic plants (Abyss:2)
  8 foxfires
  41 fungi
  2 lurking horrors
  97 plants
  34 starspawn tentacles
198 creatures vanquished.

Grand Total: 2811 creatures vanquished

Notes
Turn   | Place    | Note
-------+----------+-------------------------------------------
     0 | D:1      | MrNoob the Minotaur Berserker began the quest for the Orb.
     0 | D:1      | Reached XP level 1. HP: 19/19 MP: 0/0
   264 | D:1      | Reached XP level 2. HP: 23/27 MP: 1/1
   523 | D:1      | Reached skill level 4 in Fighting
   674 | D:1      | Found a faded altar of an unknown god.
   680 | D:1      | Identified the amulet of Reimmoa {Faith rPois rN++ Str+2
                  | Dex-4}
   910 | D:1      | Found Kumus's General Store.
  1504 | D:2      | Reached XP level 3. HP: 34/34 MP: 2/2
  1613 | D:2      | Reached ** piety under Trog
  1935 | D:3      | Found a glowing golden altar of the Shining One.
  2049 | D:3      | Found a runed translucent gate.
  2049 | D:3      | Found a runed translucent gate.
  2052 | D:3      | Found a runed translucent gate.
  2091 | D:3      | Reached XP level 4. HP: 33/41 MP: 1/3
  2119 | D:3      | Found Jiontyl's Antique Armour Shop.
  2323 | D:3      | Found an opulent altar of Gozag.
  2377 | D:3      | Noticed Ijyb
  2387 | D:3      | Killed Ijyb
  2398 | D:3      | Found a transporter.
  2400 | D:3      | Noticed Grinder
  2401 | D:3      | Found a basalt altar of Yredelemnul.
  2401 | D:3      | Noticed Menkaure
  2405 | D:3      | Found a transporter.
  2415 | D:3      | Noticed a phantom
  2420 | D:3      | Found an ancient bone altar of Kikubaaqudgha.
  2426 | D:3      | Killed Menkaure
  2427 | D:3      | Reached skill level 5 in Fighting
  2427 | D:3      | Reached skill level 1 in Short Blades
  2427 | D:3      | Reached skill level 5 in Long Blades
  2427 | D:3      | Reached skill level 1 in Stealth
  2427 | D:3      | Reached XP level 5. HP: 48/48 MP: 2/4
  2432 | D:3      | Killed Grinder
  2433 | D:3      | Reached XP level 6. HP: 51/56 MP: 2/5
  2437 | D:3      | Reached XP level 7. HP: 37/61 MP: 2/6
  2608 | D:3      | Found a runed translucent door.
  2609 | D:3      | Noticed Crazy Yiuf
  2706 | D:3      | Noticed Garym's ghost (amateur MiFi)
  2730 | D:3      | Killed Garym's ghost
  2903 | D:3      | Killed Crazy Yiuf
  3054 | D:4      | Found a radiant altar of Vehumet.
  3245 | D:4      | Noticed Eustachio
  3283 | D:4      | Killed Eustachio
  3284 | D:4      | Reached skill level 6 in Fighting
  3284 | D:4      | Reached XP level 8. HP: 66/70 MP: 4/7
  3294 | D:4      | Reached skill level 5 in Dodging
  3439 | D:4      | Found an ornate altar of the Wu Jian Council.
  3615 | D:4      | Found a staircase to the Ecumenical Temple.
  3824 | D:4      | Reached *** piety under Trog
  3825 | D:4      | Found a blossoming altar of Fedhas.
  4296 | D:5      | Entered Level 5 of the Dungeon
  4510 | D:5      | Reached skill level 7 in Fighting
  4646 | D:5      | Reached skill level 5 in Armour
  4649 | D:5      | Found an iron altar of Okawaru.
  4772 | D:5      | Reached XP level 9. HP: 59/79 MP: 5/8
  4789 | D:5      | Reached skill level 10 in Long Blades
  5020 | D:5      | Found a sparkling altar of Nemelex Xobeh.
  5369 | D:6      | Found a white marble altar of Elyvilon.
  5550 | D:6      | Reached skill level 8 in Fighting
  6190 | D:7      | Found a sacrificial altar of Ru.
  6203 | D:7      | Found a bloodstained altar of Trog.
  6230 | D:7      | Found a broken altar of Ashenzari.
  6239 | D:7      | Found a shimmering altar of Xom.
  6540 | D:8      | Found Laczael's Luxury Loot.
  6554 | D:8      | Found a burning altar of Makhleb.
  7089 | D:8      | Reached **** piety under Trog
  7245 | D:9      | Noticed a two-headed ogre
  7258 | D:9      | Killed a two-headed ogre
  7259 | D:9      | Reached XP level 10. HP: 66/90 MP: 6/9
  7328 | D:9      | Noticed a two-headed ogre
  7337 | D:9      | Reached skill level 9 in Fighting
  7362 | D:9      | Killed a two-headed ogre
  7730 | D:9      | Reached skill level 10 in Fighting
  7730 | D:9      | Reached XP level 11. HP: 99/99 MP: 10/10
  8130 | D:9      | Found a staircase to the Lair.
  8253 | D:9      | Identified the +2 pair of gloves "Rocoan" {rCorr Str+3
                  | Stlth+}
  9150 | D:9      | Found a glowing silver altar of Zin.
  9413 | D:9      | Reached skill level 10 in Armour
  9527 | D:10     | Entered Level 10 of the Dungeon
 11033 | Lair:1   | Entered Level 1 of the Lair of Beasts
 11452 | Lair:1   | Reached skill level 11 in Fighting
 11850 | Lair:1   | Noticed an oklob plant
 12203 | Lair:1   | Killed an oklob plant
 12204 | Lair:1   | Reached XP level 12. HP: 85/110 MP: 9/11
 12631 | Lair:2   | Found a staircase to the Swamp.
 12813 | Lair:2   | Found a frozen archway.
 12835 | IceCv    | Entered an ice cave
 13398 | IceCv    | Reached skill level 12 in Fighting
 13732 | IceCv    | Reached skill level 15 in Long Blades
 13946 | Lair:2   | Noticed a five-headed hydra
 13962 | Lair:2   | Killed a five-headed hydra
 14823 | Lair:2   | Reached skill level 1 in Polearms
 15192 | Lair:3   | Reached skill level 13 in Fighting
 15333 | Lair:3   | Noticed Fannar
 15367 | Lair:3   | Killed Fannar
 15380 | Lair:3   | Noticed a boulder beetle
 15401 | Lair:3   | Killed a boulder beetle
 15402 | Lair:3   | Reached XP level 13. HP: 78/122 MP: 7/12
 15721 | Lair:3   | Found the +3 pair of seven-league boots {Rampage+∞}
 15918 | Lair:3   | Noticed Nergalle
 15929 | Lair:3   | Killed Nergalle
 15930 | Lair:3   | Reached skill level 5 in Polearms
 16586 | Lair:4   | Found a hole to the Spider Nest.
 16705 | Lair:4   | Identified the +3 robe of Xiovuh {rC+ rN+ Str+2 Stlth+}
 17393 | Lair:4   | Identified a scroll of acquirement
 17396 | Lair:4   | Acquired the amulet of the Final Hells {Faith rElec rPois
                  | Int+2 Dex+4}
 17441 | Lair:4   | Reached skill level 14 in Fighting
 18404 | Lair:5   | Found a staircase to the Slime Pits.
 18625 | Lair:6   | Entered Level 6 of the Lair of Beasts
 18752 | Lair:6   | Reached skill level 1 in Evocations
 18752 | Lair:6   | Reached XP level 14. HP: 130/133 MP: 11/13
 18763 | Lair:6   | Reached skill level 15 in Armour
 19201 | Lair:6   | Reached skill level 1 in Shields
 19212 | Lair:6   | Reached skill level 15 in Fighting
 19902 | Lair:6   | Reached skill level 5 in Shields
 20049 | Lair:6   | Found a corrupted altar of Lugonu.
 20049 | Lair:6   | Found a one-way gate to the infinite horrors of the Abyss.
 21606 | D:11     | You fall into a shaft and drop 3 floors!
 22741 | D:13     | Reached XP level 15. HP: 136/141 MP: 12/14
 22741 | D:13     | Found a gate to the Vaults.
 23214 | D:13     | Found a broken altar of Ashenzari.
 23512 | D:15     | Entered Level 15 of the Dungeon
 24337 | D:15     | Found a staircase to the Depths.
 24975 | D:11     | Noticed Erolcha
 24987 | D:11     | Killed Erolcha
 25389 | D:12     | Noticed Maurice
 25406 | D:12     | Killed Maurice
 25418 | D:12     | Reached skill level 16 in Fighting
 26030 | D:12     | Noticed Kirke
 26043 | D:12     | Noticed a sphinx
 26043 | D:12     | Killed Kirke
 26144 | D:12     | Found a staircase to the Orcish Mines.
 26446 | D:12     | Reached skill level 5 in Evocations
 27123 | Orc:1    | Entered Level 1 of the Orcish Mines
 27157 | Orc:1    | Noticed an orc warlord
 27342 | Orc:1    | Killed an orc warlord
 27343 | Orc:1    | Reached skill level 10 in Shields
 27491 | Orc:2    | Entered Level 2 of the Orcish Mines
 27529 | Orc:2    | Found a staircase to the Elven Halls.
 27847 | Orc:2    | Found Qogomm's General Store.
 27847 | Orc:2    | Found Jeadev's Magic Scroll Emporium.
 27882 | Orc:2    | Reached XP level 16. HP: 152/152 MP: 15/15
 27926 | Orc:2    | Gained mutation: Your spells are a little easier to cast,
                  | but a little less powerful. [a neqoxec]
 27932 | Orc:2    | Gained mutation: Your mind is acute. (Int +2) [a neqoxec]
 28206 | Orc:2    | Reached ***** piety under Trog
 28362 | Orc:2    | Found Hopsuson's Antique Weapon Shop.
 28362 | Orc:2    | Found Yntuscha's Book Boutique.
 28363 | Orc:2    | Found a one-way gate leading to the halls of Pandemonium.
 28826 | Orc:2    | Bought a scroll of acquirement for 676 gold pieces
 28826 | Orc:2    | Bought a scroll of enchant armour for 97 gold pieces
 28828 | Orc:2    | Bought a scroll of enchant weapon for 120 gold pieces
 29031 | Orc:2    | Acquired the ring of Lugonu's Displeasure {rPois rF+}
 30018 | Spider:1 | Entered Level 1 of the Spider Nest
 30557 | Spider:2 | Identified the +7 quick blade of Niebusac {vorpal, Fly rF-
                  | Dex+2 SInv} (Trog gifted it to you on level 2 of the Spider
                  | Nest)
 30557 | Spider:2 | Received a gift from Trog
 30714 | Spider:2 | Reached skill level 17 in Fighting
 31206 | Spider:2 | Received a gift from Trog
 31209 | Spider:2 | Noticed Asterion
 31225 | Spider:2 | Killed Asterion
 32083 | Spider:3 | Reached XP level 17. HP: 133/162 MP: 16/16
 32468 | Spider:4 | Entered Level 4 of the Spider Nest
 32689 | Spider:4 | Received a gift from Trog
 33600 | Spider:4 | Reached skill level 18 in Fighting
 33674 | Spider:4 | Noticed Arachne
 33701 | Spider:4 | Killed Arachne
 34942 | Spider:4 | Got a gossamer rune of Zot
 36054 | Swamp:1  | Entered Level 1 of the Swamp
 36240 | Swamp:1  | Reached skill level 15 in Shields
 38036 | Swamp:3  | Identified Roxanne's Collected Works on Transformation
 38036 | Swamp:3  | Noticed Roxanne
 38121 | Swamp:3  | Killed Roxanne
 38451 | Swamp:3  | Reached XP level 18. HP: 147/173 MP: 17/17
 39401 | Swamp:4  | Entered Level 4 of the Swamp
 39531 | Swamp:4  | Noticed SeagullWaffle's ghost (adept MiFi)
 39768 | Swamp:4  | Received a gift from Trog
 39831 | Swamp:4  | Paralysed by something for 2 turns
 39838 | Swamp:4  | Reached skill level 19 in Fighting
 40296 | Swamp:4  | Found a blossoming altar of Fedhas.
 40340 | Swamp:4  | Found a basalt altar of Yredelemnul.
 40353 | Swamp:4  | Got a decaying rune of Zot
 40486 | Swamp:4  | Found a transporter.
 40490 | Swamp:4  | Found a transporter.
 41680 | Swamp:4  | Killed SeagullWaffle's ghost
 42212 | Elf:1    | Entered Level 1 of the Elven Halls
 42212 | Elf:1    | Found a runed translucent gate.
 42212 | Elf:1    | Found a runed translucent gate.
 42212 | Elf:1    | Found a runed translucent gate.
 42212 | Elf:1    | Found a runed translucent gate.
 42212 | Elf:1    | Found a runed translucent gate.
 42212 | Elf:1    | Found a runed translucent gate.
 42217 | Elf:1    | Found a runed translucent door.
 42219 | Elf:1    | Found a runed translucent door.
 42584 | Elf:1    | Reached skill level 10 in Dodging
 42691 | Elf:1    | Found Dukeim's Distillery.
 42822 | Elf:1    | Paralysed by an air elemental for 1 turns
 43747 | Elf:2    | Reached XP level 19. HP: 152/184 MP: 18/18
 44335 | Elf:2    | Received a gift from Trog
 44564 | Elf:2    | Found a runed translucent gate.
 44564 | Elf:2    | Found a runed translucent gate.
 44564 | Elf:2    | Found a runed translucent gate.
 44873 | Elf:2    | Reached skill level 20 in Fighting
 44887 | Elf:2    | Found the +7 pair of quick blades "Gyre" and "Gimble"
                  | {protect}
 45941 | Elf:3    | Entered Level 3 of the Elven Halls
 46204 | Elf:3    | Found Ravvolos's Neck Hole.
 46249 | Elf:3    | Identified the +6 scale mail of Stoicism {rElec Slay+2}
 46359 | Elf:3    | Received a gift from Trog
 46392 | Elf:3    | Found an ancient bone altar of Kikubaaqudgha.
 46568 | Elf:3    | Cast into level 3 of the Abyss (a deep elf demonologist)
 46804 | Abyss:3  | Paralysed by accursed screaming for 1 turns
 46808 | Elf:3    | Escaped the Abyss
 46812 | Elf:3    | Noticed a Brimstone Fiend
 46870 | Elf:3    | Received a gift from Trog
 46898 | Elf:3    | Noticed a Tzitzimitl
 46901 | Elf:3    | Noticed a Tzitzimitl
 47612 | Elf:3    | Reached XP level 20. HP: 187/194 MP: 19/19
 47636 | Elf:3    | Identified the +7 morningstar of the Endless Curses {speed,
                  | +Rage rF++ rC++}
 47696 | Elf:3    | Reached skill level 21 in Fighting
 47774 | Elf:3    | Identified the +6 dagger of Evisceration {drain, rElec rC+
                  | Int+7 Stlth-}
 48130 | Elf:3    | Identified the +6 battleaxe of Qazlal's Hope {vorpal,
                  | +Blink rElec Str+2 Int+4}
 48817 | Vaults:1 | Entered Level 1 of the Vaults
 49968 | Vaults:1 | Received a gift from Trog
 50537 | Vaults:1 | Found Wuff's Jewellery Shop.
 51352 | Vaults:2 | Reached skill level 22 in Fighting
 51425 | Vaults:2 | Noticed Margery
 51433 | Vaults:2 | Killed Margery
 51448 | Vaults:2 | Received a gift from Trog
 51460 | Vaults:2 | Reached XP level 21. HP: 96/207 MP: 20/20
 51785 | Vaults:2 | Noticed Donald
 51791 | Vaults:2 | Killed Donald
 52046 | Vaults:2 | Found a staircase to the Crypt.
 54493 | Vaults:3 | Noticed Bai Suzhen
 54510 | Vaults:3 | Killed Bai Suzhen
 54902 | Vaults:4 | Acquired an amulet of the acrobat
 55610 | Vaults:4 | Reached skill level 23 in Fighting
 55863 | Vaults:4 | Reached XP level 22. HP: 201/220 MP: 21/21
 56112 | Vaults:4 | Received a gift from Trog
 56418 | Vaults:5 | Entered Level 5 of the Vaults
 56643 | Vaults:5 | Noticed a golden dragon
 57129 | Vaults:4 | Reached skill level 15 in Dodging
 57867 | Vaults:5 | Noticed Mara
 57872 | Vaults:5 | Noticed MrNoob's illusion
 57877 | Vaults:5 | Killed Mara
 57979 | Vaults:5 | Identified the +8 flail of Gin and Tonic {vorpal, +Rage
                  | Fly}
 58036 | Vaults:5 | Noticed Frederick
 58049 | Vaults:5 | Reached skill level 24 in Fighting
 58049 | Vaults:5 | Killed Frederick
 58080 | Vaults:5 | Killed a golden dragon
 58483 | Vaults:5 | Identified the ring of Qenoyragh {rElec rPois rC- rN+
                  | Dex+4}
 58491 | Vaults:5 | Acquired the amulet "Latruc" {RegenMP rF+ rC+}
 58776 | Vaults:5 | Reached XP level 23. HP: 215/226 MP: 22/22
 58996 | Vaults:5 | Identified the +5 tower shield "Pougg" {Str+2}
 59520 | Vaults:5 | Identified the +4 great sword of the Madman {vorpal, Fly
                  | rPois}
 59798 | Vaults:5 | Reached skill level 5 in Stealth
 59800 | Vaults:5 | Got a silver rune of Zot
 59970 | Vaults:5 | Identified the ring "Housyzir" {rPois rC- Int+4 Dex+2}
 60805 | Slime:1  | Entered Level 1 of the Pits of Slime
 63165 | Slime:5  | Entered Level 5 of the Pits of Slime
 63291 | Slime:5  | Gained mutation: You have a pair of large horns on your
                  | head. [a shining eye]
 63413 | Slime:5  | Noticed the Royal Jelly
 64038 | Slime:5  | Gained mutation: You are covered in fur. (AC +1) [a shining
                  | eye]
 64314 | Slime:5  | Gained mutation: You are occasionally teleported next to
                  | monsters. [a shining eye]
 64334 | Slime:5  | Gained mutation: You are sometimes teleported next to
                  | monsters. [a shining eye]
 64336 | Slime:5  | Gained mutation: You are clumsy. (Dex -2) [a shining eye]
 64338 | Slime:5  | Gained mutation: Your body sometimes deteriorates upon
                  | taking damage. [a shining eye]
 64903 | Slime:5  | Found a viscous altar of Jiyva.
 65018 | Slime:5  | Killed the Royal Jelly
 65019 | Slime:5  | Reached XP level 24. HP: 169/240 MP: 22/22
 65285 | Slime:5  | Identified the +5 spear of Tomorrow {elec, rF++ Int+2
                  | Dex+4}
 65287 | Slime:5  | Got a slimy rune of Zot
 65334 | Slime:5  | Identified the -5 pair of boots of Hairiness {Harm}
 65410 | Slime:5  | Identified the +1 lajatang "Mysal" {vorpal, rElec rPois
                  | Will- SInv}
 65420 | Slime:5  | Identified the ring "Piesih" {rElec rCorr EV+4 Stlth+}
 65782 | Slime:3  | You fall into a shaft and drop 1 floor!
 66330 | Depths:1 | Entered Level 1 of the Depths
 66448 | Depths:1 | Found a gateway to a ziggurat.
 66529 | Depths:1 | Reached skill level 25 in Fighting
 66688 | Depths:1 | Found a blossoming altar of Fedhas.
 66924 | Depths:1 | Found a gateway to Hell.
 68914 | Depths:2 | Found Kilanor's Book Emporium.
 68916 | Depths:2 | Found Fuecoar's Jewellery Shop.
 68917 | Depths:2 | Found Leletol's Book Emporium.
 69580 | Depths:3 | Found the +5 scythe "Finisher" {speed, eviscerate}
 69732 | Depths:3 | Noticed a juggernaut
 69756 | Depths:3 | Killed a juggernaut
 69918 | Depths:3 | Found a transporter.
 69942 | Depths:3 | Identified the +4 hand axe "Wing" {spect, rPois rF+}
 70184 | Depths:3 | Found a stormy altar of Qazlal.
 70370 | Depths:3 | Found Guhyuxot's Assorted Antiques.
 70370 | Depths:3 | Found Kistru Xavio's Antique Weapon Shoppe.
 70386 | Depths:3 | Bought a potion of heal wounds for 195 gold pieces
 70386 | Depths:3 | Bought a scroll of enchant weapon for 292 gold pieces
 70391 | Depths:3 | Found a transporter.
 70414 | Depths:3 | Noticed MajorAdolf's ghost (legendary NaWn)
 70755 | Depths:3 | HP: 3/243 [red very ugly thing (24)]
 71214 | Depths:2 | HP: 9/243 [acid (4)]
 72288 | Depths:3 | Killed MajorAdolf's ghost
 72645 | Depths:3 | Identified the ring "Geocsez" {rElec rN++ Int+6}
 72878 | Depths:4 | Reached XP level 25. HP: 239/250 MP: 22/22
 73792 | Depths:4 | Found Aplaq's Armour Shop.
 74262 | Depths:5 | Entered Level 5 of the Depths
 74321 | Depths:5 | Noticed Saint Roka
 74349 | Depths:5 | Killed Saint Roka
 74715 | Depths:5 | Noticed an ancient lich
 75326 | Depths:5 | Found a runed translucent door.
 75326 | Depths:5 | Found a shimmering altar of Xom.
 75326 | Depths:5 | Noticed Gucom's ghost (veteran GnFi)
 75700 | Depths:5 | Reached skill level 26 in Fighting
 75758 | Depths:5 | Found a gate to the Realm of Zot.
 76022 | Depths:5 | Killed Gucom's ghost
 76510 | Zot:1    | Entered Level 1 of the Realm of Zot
 76886 | Depths:5 | Voluntarily entered the Abyss.
 76897 | Abyss:1  | Found a corrupted altar of Lugonu.
 77240 | Abyss:1  | Received a gift from Trog
 77349 | Abyss:1  | Paralysed by an air elemental for 1 turns
 77518 | Depths:5 | Escaped the Abyss
 77839 | Depths:5 | Voluntarily entered the Abyss.
 77883 | Abyss:1  | Found a corrupted altar of Lugonu.
 78095 | Abyss:1  | Found a corrupted altar of Lugonu.
 78205 | Abyss:1  | Reached XP level 26. HP: 261/261 MP: 22/22
 78317 | Abyss:3  | Found a corrupted altar of Lugonu.
 78643 | Abyss:3  | Got an abyssal rune of Zot
 78653 | Depths:5 | Escaped the Abyss
 78885 | Depths:5 | Voluntarily entered the Abyss.
 79146 | Abyss:2  | Noticed a dread lich
 79155 | Abyss:2  | Killed a dread lich
 79325 | Abyss:2  | Received a gift from Trog
 79388 | Abyss:2  | Found a corrupted altar of Lugonu.
 79531 | Abyss:4  | Found a corrupted altar of Lugonu.
 79535 | Abyss:4  | Found a corrupted altar of Lugonu.
 79535 | Abyss:4  | Identified the +4 ring mail of Surprise {-Cast Rampage rF+
                  | Str+10}
 79711 | Depths:5 | Escaped the Abyss
 80099 | Depths:5 | Voluntarily entered the Abyss.
 80343 | Abyss:1  | Gained mutation: You are frail. (-10% HP) [a shining eye]
 80353 | Abyss:1  | Gained mutation: Your magical capacity is low. (-10% MP) [a
                  | shining eye]
 80585 | Abyss:1  | Reached ****** piety under Trog
 80825 | Depths:5 | Escaped the Abyss
 81088 | Depths:5 | Voluntarily entered the Abyss.
 81118 | Abyss:1  | Received a gift from Trog
 81216 | Abyss:2  | Gained mutation: You are very frail. (-20% HP) [a neqoxec]
 81418 | Abyss:2  | Gained mutation: You are extremely frail. (-30% HP) [a
                  | neqoxec]
 81580 | Abyss:2  | Found a shimmering blue altar of Sif Muna.
 81631 | Abyss:2  | Found a shimmering blue altar of Sif Muna.
 81992 | Abyss:2  | Received a gift from Trog
 82323 | Abyss:2  | Found a sacrificial altar of Ru.
 82475 | Abyss:3  | Reached XP level 27. HP: 189/189 MP: 19/19
 82493 | Abyss:3  | Received a gift from Trog
 82531 | Abyss:5  | Entered Level 5 of the Abyss
 82536 | Abyss:5  | Found a corrupted altar of Lugonu.
 82817 | Depths:5 | Escaped the Abyss
 83461 | Zot:1    | Killed from afar by a white draconian

Illustrated notes

Levels and vault maps discovered:
D:1:      dpeg_chamrin_arrival_tetris, layout_basic, serial_shops,
          nicolae_shop_behind_doors, hellmonk_ecumenical_altar_lost_god,
          amcnicky_mini_pool_small, minmay_indecisive_spiral
D:2:      layout_rooms
D:3:      layout_basic, gammafunk_temple_of_torment, grunt_gozag_breadcrumbs,
          general_overflow_altar, gammafunk_ghost_necromancy, serial_shops,
          shop_fountains, minmay_misc_feat_square, uniq_crazy_yiuf_cottage,
          uniq_grinder, uniq_ijyb
D:4:      layout_loops_ring, amcnicky_altar_gilded,
          mainiacjoe_overflow_24_doors, marbit_many_paths,
          minmay_temple_entry_ruins, minmay_unequal, uniq_eustachio
D:5:      layout_basic, okawaru_trees_2, nemelex_diamond_rough_becter
D:6:      layout_loops_ring, mainiacjoe_overflow_catwalk
D:7:      layout_cave_pools, nicolae_overflow_quartered_altars
D:8:      layout_cave_pools, mainiacjoe_overflow_cross_hatched, serial_bayou,
          serial_bayou_ford_a, serial_bayou_pond_b, serial_bayou_pond_c,
          serial_bayou_pond_e, serial_bayou_lagoon_a, nicolae_alphabet_shops
D:9:      kennysheep_seaside_town, layout_basic, zin_academy,
          grunt_lair_entry_orc_guard_hut, feat_on_display
D:10:     layout_cave_pools, minivault_27
D:11:     layout_basic, uniq_erolcha
D:12:     gargoyle_guard, layout_layer_cave, erik_orc_2, uniq_maurice,
          uniq_kirke
D:13:     layout_roguey, david_vaults_2, nicolae_ashenzari_skybound
D:14:     layout_cave_pods, minmay_misc_feat_roman, drop_trap
D:15:     hangedman_depths_entry_try_elsewhere_first, layout_rooms,
          hangedman_decor_slide_cut
Lair:1:   layout_regular_city, minmay_lair_oklob_bushes,
          chequers_serial_rivers_room_b
Lair:2:   layout_chaotic_city, swamp_mist, serial_bayou, serial_bayou_crossing,
          serial_bayou_lake_a, serial_bayou_shore_a, serial_bayou_pond_d,
          portal_ice_cave_demonic_guard
Lair:3:   layout_loops_ring, minmay_stone_trees_small,
          hellmonk_guarded_unrand_seven_league_boots, grunt_megastairs_3,
          uniq_nergalle, uniq_fannar
Lair:4:   layout_concentric_octagons, spider_nest_entry_webs
Lair:5:   layout_regular_city, minmay_slime_entry_oklob_enclosed,
          lemuel_fruit_tree
Lair:6:   hellmonk_lair_end_abyssal_woods, layout_cave_pods, enter_volcano_3
Swamp:1:  layout_falls_marsh, hangedman_swamp_cone
Swamp:2:  layout_basic_swamp, nicolae_swamp_stair_fork, swamp_pool1,
          infiniplex_staircase_pool_2
Swamp:3:  layout_basic_swamp, evilmike_swamp_ruin_rubble_2, uniq_roxanne
Swamp:4:  byrel_swamp_growth_death_and_undeath, layout_basic_swamp,
          gammafunk_ghost_arena, infiniplex_staircase_pool
Spider:1: layout_spider_delve
Spider:2: layout_spider_delve, uniq_asterion
Spider:3: layout_spider_delve
Spider:4: spider_rune_water, nicolae_spider_baby_got_redback, uniq_arachne
Slime:1:  layout_caves
Slime:2:  layout_caves
Slime:3:  layout_caves
Slime:4:  layout_caves
Slime:5
Orc:1:    layout_caves
Orc:2:    pf_orc_diabolical, layout_diamond_mine
Elf:1:    nicolae_elf_arrival_dilemma, layout_geoelf_octagon, serial_shops,
          nicolae_shop_temple_entry_statues_fountains, minmay_elf_necromancy
Elf:2:    nicolae_elf_blades_splatter_lattice [nicolae_blade_little_rooms],
          layout_gridlike, nicolae_elf_w_pinch, grunt_ministairs_10,
          hellmonk_guarded_unrand_gyre_and_gimble
Elf:3:    grunt_elf_hall_asides, layout_loops_cross, basic_altar,
          grunt_ministairs_11, fountainhead, serial_sigils_hangedman_gnaw,
          nicolae_elf_stone_circles, st_stairs_6, hangedman_elven_pyramids,
          nicolae_shop_sticking_my_neck_out
Vaults:1: nicolae_vaults_network_square, hangedman_vaults_slither,
          vaults_room_ringed_pool, ontoclasm_vaults_tryst,
          grunt_vaults_hallway_short, ontoclasm_vaults_loading_screen,
          nicolae_vaults_quadrants, nicolae_vaults_network_periphery,
          v_alt_pattern_2, hangedman_vaults_nails,
          nicolae_vaults_ninety_degrees, vaults_room_semicircle,
          layout_vaults_omnicross, serial_shops, nicolae_shop_waterfront
Vaults:2: nicolae_vaults_puzzle_piece, minmay_crypt_entry_simple_corners,
          ontoclasm_vaults_bender, v_misc_25, vaults_standard_mumra_x,
          nicolae_vaults_little_squares_1, nicolae_vaults_triangles,
          nicolae_vaults_puzzle_piece, ontoclasm_vaults_claustrophobia,
          vaults_room_fancy_cross, v_pattern_2,
          vaults_standard_mumra_enter_the_diamond,
          nicolae_vaults_little_squares_6, layout_vaults_omnibox, uniq_donald,
          uniq_margery
Vaults:3: ontoclasm_vaults_pinch, vaults_room_pools, v_misc_12,
          ontoclasm_vaults_eye, v_alt_pattern_1,
          nicolae_vaults_mini_display_case, serial_ice_m, v_misc_2,
          hangedman_vaults_impose, hangedman_vaults_cutoff,
          layout_vaults_quadrants, uniq_bai_suzhen
Vaults:4: ontoclasm_vaults_decontamination, grunt_vaults_swirl,
          grunt_vaults_bifocal, nicolae_vaults_shelves_hall,
          nicolae_vaults_what_the_h, nicolae_vaults_theta,
          vaults_room_grunt_arrival_ludios, nicolae_vaults_border_crossing,
          hangedman_vaults_river_flow, v_alt_pattern_2, special_room_vaults
          [special_room_orc], layout_vaults_maze
Vaults:5: uniq_mara, uniq_frederick
Depths:1: layout_basic, enter_ziggurat_f, fedhas_altar_4, pf_coc_iceberg,
          abyss_entry
Depths:2: lemuel_flame_loot_2, layout_basic, pf_hell_entry_great_geh,
          kennysheep_random_hallway, infiniplex_staircase_split_hallway,
          minmay_shop_grove
Depths:3: minmay_triangles_in_corner, layout_long_grid, abyss_entry,
          gammafunk_ghost_berserking_beasts, hangedman_tar_grid_catacomb,
          grunt_pan_entry_sceptre, grunt_decor_arrowhead, kennysheep_crisscross,
          minmay_tree_intersection, nicolae_qazlal_scattered_showers,
          serial_bayou_shore_b, minmay_staircase_bubble, minmay_shoptagon,
          serial_bayou_shore_b
Depths:4: nooodl_glass_maze, layout_gridlike, rand_demon_pan_entry_8,
          hangedman_abyss_or_decor_lesser_grid, hell_entry, serial_shops, shop,
          abyss_entry, infiniplex_staircase_door_maze
Depths:5: grunt_zot_entry_hairpin, layout_cave_pools, abyss_entry,
          lightli_too_deep, chequers_big_river, ebering_ghost_xom,
          uniq_saint_roka
Zot:1:    layout_misc_corridors

Skill      XL: |  1  2  3  4  5  6  7  8  9 10 11 12 13 14 15 16 17 18 19 20 21 22 23 24 25 26 27 |
---------------+----------------------------------------------------------------------------------+-----
Long Blades    | 4 5 6 8 9 11 13 14 15 16 17 18 19 20 21 22 23 24 25 | 25.6
Fighting       | 4 5 6 7 8 10 11 13 14 15 16 17 18 19 20 22 23 24 25 26 | 26.3
Dodging        | 3 4 5 6 7 8 10 11 13 14 15 16 17 18 19 | 19.5
Short Blades   | 1 2 |  2.3
Stealth        | 1 2 3 4 5 |  5.2
Armour         | 3 5 8 9 11 13 14 16 17 18 19 20 21 22 | 22.9
Polearms       | 4 6 |  6.7
Evocations     | 1 2 5 6 7 |  7.9
Shields        | 6 10 13 15 16 18 20 24 25 | 25.0

Action                   |  1- 3 |  4- 6 |  7- 9 | 10-12 | 13-15 | 16-18 | 19-21 | 22-24 | 25-27 || total
-------------------------+-------+-------+-------+-------+-------+-------+-------+-------+-------++-------
Melee: Falchion          |    20 |    40 |   305 |   620 |  1233 |   470 |       |       |       ||  2688
       Headbutt          |    14 |     7 |    93 |   283 |   574 |   619 |   544 |   708 |   669 ||  3511
       Dagger            |    39 |       |       |       |       |       |       |       |       ||    39
       Trident           |       |       |       |    28 |    25 |       |       |       |       ||    53
       Demon blade       |       |       |       |       |       |  1022 |  1369 |  1605 |  1756 ||  5752
       Long sword        |       |       |       |       |       |   101 |       |       |       ||   101
Invok: Berserk           |     1 |     1 |     3 |     2 |     6 |     4 |     2 |     1 |     1 ||    21
       Trog's Hand       |       |     2 |    14 |    38 |    55 |    59 |    54 |    64 |    23 ||   309
       Brothers in Arms  |       |       |       |       |     1 |     7 |     6 |    15 |     6 ||    35
Evoke: Wand              |       |       |       |       |   100 |    78 |    15 |    59 |       ||   252
  Use: Scroll            |       |       |     5 |    16 |    19 |    19 |     8 |    17 |     4 ||    88
       Potion            |       |       |       |     1 |     2 |     7 |     6 |    15 |     3 ||    34
 Stab: Sleeping          |       |     1 |       |       |       |       |       |       |       ||     1
       Confused          |       |       |       |       |       |     2 |       |       |       ||     2
       Paralysed         |       |       |       |       |       |       |     7 |       |       ||     7
       Distracted        |       |       |       |       |       |       |       |     3 |     5 ||     8
Armor: Animal skin       |    10 |     8 |     3 |       |       |       |       |       |       ||    21
       Scale mail        |       |       |    37 |       |       |       |       |       |       ||    37
       Ring mail         |       |       |     1 |       |       |       |       |       |       ||     1
       Chain mail        |       |       |    62 |       |       |       |       |       |       ||    62
       Plate armour      |       |       |    16 |   279 |   600 |   816 |   255 |   542 |   225 ||  2733
Dodge: Dodged            |    39 |    19 |   153 |   273 |   418 |   627 |   389 |   729 |   397 ||  3044
       Repelled          |       |       |       |       |       |     1 |     8 |       |       ||     9
Block: Kite shield       |       |       |       |       |   492 |  1106 |   692 |   329 |       ||  2619
       Tower shield      |       |       |       |       |       |       |       |  1224 |  1276 ||  2500
       Rpst.: Falchion   |     2 |     2 |    26 |    49 |    79 |    18 |       |       |       ||   176
       Demon blade       |       |       |       |       |       |    55 |    56 |   113 |    44 ||   268
       Long sword        |       |       |       |       |       |     5 |       |       |       ||     5
